 Dungeon Sprint DCSS version 0.28.0-53-g5a82cb258f (webtiles) character file.

Game seed: 18104713363358519292

22466 Revguard the Pandemonic (level 12, -6/82 (103) HPs)
             Began as a Demonspawn Gladiator on Aug 3, 2022.
             Was a High Priest of Makhleb.
             Killed from afar by a crystal guardian (28 damage)
             ... with a crystal bolt
             ... in the Dungeon (Sprint V: "Ziggurat Sprint").
             The game lasted 00:15:34 (696 turns).

Revguard the Pandemonic (Demonspawn Gladiator)       Turns: 696, Time: 00:15:34

HP:   -6/82 (103)   AC: 37    Str: 23    XL:     12   Next: 63%
MP:   33/33         EV:  7    Int: 16    God:    Makhleb [*****.]
Gold: 0             SH: 36    Dex: 19    Spells: 11/11 levels left

rFire   x . .      SeeInvis +   E - +7 Screaming Sword {vorpal, sonic wave}
rCold   + + .      Faith    .   F - +18 shield of the Gong {rElec rN+ Will+ EV-5}
rNeg    + + .      Spirit   .   D - +15 Maxwell's patent armour {-Cast -Tele rElec Will+ rCorr}
rPois   .          Reflect  +   n - +0 hat of Irinaip {rF- Will+++ Dex+2}
rElec   +          Harm     .   K - +2 cloak of the Tarantula {-Tele rC+ Str+3 Int+7}
rCorr   +          Rampage  +   x - +0 pair of gloves of Thoughtfulness {Rampage +Inv SInv}
Will    +++++      NoTele   +   (no boots)
Stlth   .......... NoCast   +   c - amulet of reflection
HPRegen 0.23/turn               N - ring of Fiep {rN+ Will+ Str+2}
MPRegen 0.23/turn               H - ring "Nooreh" {rC+ rCorr MP+9}

@: heavily drained
A: antennae 2, icemail 1, spiny 1, sharp scales 2, condensation shield
a: Renounce Religion, Evoke Invisibility, Minor Destruction, Lesser Servant of
Makhleb, Major Destruction, Greater Servant of Makhleb


You were in the Dungeon.
You worshipped Makhleb.
Makhleb was extremely pleased with you.
You visited 1 branch

Inventory:

Hand Weapons
 E - the +7 Screaming Sword (weapon) {vorpal, sonic wave}
   (You found it in the Dungeon)

   It inflicts extra damage upon your enemies.
   It radiates damaging sonic waves as it strikes, especially in combat
   involving dangerous or numerous foes.
Missiles
 d - 3 throwing nets (quivered)
Armour
 n - the +0 hat of Irinaip (worn) {rF- Will+++ Dex+2}
   (You found it in the Dungeon)

   Dex:       It affects your dexterity (+2).
   rF:        It makes you vulnerable to fire.
   Will:      It greatly increases your willpower.
 x - the +0 pair of gloves of Thoughtfulness (worn) {Rampage +Inv SInv}
   (You found it in the Dungeon)

   SInv:      It lets you see invisible.
   +Inv:      It lets you turn invisible.
   Rampage:   It bestows one free step when moving towards enemies.
 D - the +15 Maxwell's patent armour (worn) {-Cast -Tele rElec Will+ rCorr}
   (You found it in the Dungeon)

   rElec:     It insulates you from electricity.
   -Cast:     It prevents spellcasting.
   -Tele:     It prevents most forms of teleportation.
   rCorr:     It protects you from acid and corrosion.
   Will:      It increases your willpower.
 F - the +18 shield of the Gong (worn) {rElec rN+ Will+ EV-5}
   (You found it in the Dungeon)

   It is deafeningly noisy when blocking attacks.
   EV:        It affects your evasion (-5).
   rElec:     It insulates you from electricity.
   rN:        It protects you from negative energy.
   Will:      It increases your willpower.
 K - the +2 cloak of the Tarantula (worn) {-Tele rC+ Str+3 Int+7}
   (You found it in the Dungeon)

   Str:       It affects your strength (+3).
   Int:       It affects your intelligence (+7).
   rC:        It protects you from cold.
   -Tele:     It prevents most forms of teleportation.
Jewellery
 c - an amulet of reflection (around neck)
 u - a ring of protection from fire
 v - the ring of Yhunudwuh {rC+ Int-2 Dex+10 Slay-2 SInv}
   (You took it off a merfolk impaler in the Dungeon)

   [ring of see invisible]

   Int:       It affects your intelligence (-2).
   Dex:       It affects your dexterity (+10).
   Slay:      It affects your accuracy & damage with ranged weapons and melee
   (-2).
   rC:        It protects you from cold.
   SInv:      It lets you see invisible.
 G - a ring of poison resistance
 H - the ring "Nooreh" (right hand) {rC+ rCorr MP+9}
   (You found it in the Dungeon)

   [ring of magical power]

   rC:        It protects you from cold.
   MP:        It affects your magic capacity (+9).
   rCorr:     It protects you from acid and corrosion.
 M - a ring of protection from fire
 N - the ring of Fiep (left hand) {rN+ Will+ Str+2}
   (You found it in the Dungeon)

   [ring of willpower]

   Str:       It affects your strength (+2).
   rN:        It protects you from negative energy.
   Will:      It increases your willpower.
Wands
 A - a wand of mindburst (7)
 B - a wand of iceblast (7)
 C - a wand of acid (7)
Scrolls
 a - a scroll of brand weapon
 j - 4 scrolls of blinking
 p - 4 scrolls of amnesia
 q - 7 scrolls of fog
 r - 5 scrolls of identify
 s - 2 scrolls of fear
Potions
 e - 10 potions of curing
 f - 9 potions of heal wounds
 g - 6 potions of haste
 h - 7 potions of magic
 i - 3 potions of berserk rage
 k - 2 potions of brilliance
 l - 2 potions of invisibility
 m - 4 potions of resistance
 o - 6 potions of might
Miscellaneous
 b - a condenser vane (inert)
 I - a tin of tremorstones (2/2)
 J - a box of beasts (inert)


   Skills:
 + Level 12.7 Fighting
 * Level 13.8 Long Blades
 - Level 1.7 Throwing
 + Level 11.6 Armour
 + Level 11.9 Dodging
 + Level 11.9 Shields
 + Level 16.0 Invocations
 + Level 12.5 Evocations


You had 11 spell levels left.
You didn't know any spells.
Your spell library contained the following spells:

 Spells                   Type           Power      Damage    Failure   Level
 Apportation              Tloc           0%         N/A       99%         1
 Shock                    Conj/Air       0%         1d3       99%         1
 Slow                     Hex            0%         N/A       99%         1
 Sting                    Tmut/Pois      0%         1d3       99%         1
 Summon Small Mammal      Summ           0%         N/A       99%         1
 Poisonous Vapours        Pois/Air       0%         N/A       100%        2
 Confusing Touch          Hex            0%         N/A       100%        3
 Conjure Flame            Conj/Fire      0%         6-21      100%        3
 Gell's Gravitas          Tloc           0%         N/A       100%        3
 Ignite Poison            Fire/Tmut/Pois 0%         N/A       100%        3
 Inner Flame              Hex/Fire       0%         N/A       100%        3
 Ozocubu's Armour         Ice            0%         N/A       100%        3
 Swiftness                Air            0%         N/A       100%        3
 Vampiric Draining        Necr           0%         2d6       100%        3
 Airstrike                Air            0%         N/A       100%        4
 Animate Armour           Summ/Erth      0%         N/A       100%        4
 Animate Dead             Necr           0%         N/A       100%        4
 Cause Fear               Hex            0%         N/A       100%        4
 Flame Wave               Conj/Fire      0%         2d4       100%        4
 Iskenderun's Mystic Bla  Conj/Tloc      0%         2d3       100%        4
 Olgreb's Toxic Radiance  Pois           0%         N/A       100%        4
 Sticky Flame             Conj/Fire      0%         2d3       100%        4
 Alistair's Intoxication  Tmut/Pois      0%         N/A       100%        5
 Blade Hands              Tmut           0%         N/A       100%        5
 Metabolic Englaciation   Hex/Ice        0%         N/A       100%        5
 Summon Forest            Summ/Tloc      0%         N/A       100%        5
 Yara's Violent Unravell  Hex/Tmut       0%         3d3       100%        5
 Conjure Ball Lightning   Conj/Air       0%         3x3d6     100%        6
 Dispersal                Tloc           0%         N/A       100%        6
 Eringya's Noxious Bog    Tmut/Pois      0%         N/A       100%        6
 Iron Shot                Conj/Erth      0%         9d1       100%        6
 Dragon Form              Tmut           0%         N/A       100%        7
 Haunt                    Necr/Summ      0%         N/A       100%        7
 Malign Gateway           Summ/Tloc      0%         N/A       100%        7
 Monstrous Menagerie      Summ           0%         N/A       100%        7
 Ozocubu's Refrigeration  Ice            0%         4d5       100%        7
 Discord                  Hex            0%         N/A       100%        8
 Disjunction              Tloc           0%         N/A       100%        8
 Infestation              Necr           0%         N/A       100%        8
 Summon Horrible Things   Summ           0%         N/A       100%        8
 Fire Storm               Conj/Fire      0%         5d1       100%        9


Dungeon Overview and Level Annotations

Branches:
Dungeon (1/1)

Altars:
Ashenzari
Cheibriados
Dithmenos
Elyvilon
Fedhas
Gozag
Hepliaklqana
Kikubaaqudgha
Makhleb
Nemelex Xobeh
Okawaru
Qazlal
Ru
Sif Muna
Trog
Uskayaw
Vehumet
Wu Jian
Xom
Yredelemnul
Zin
The Shining One
Beogh
Jiyva
Lugonu

Annotations:
D 1 transporter


Innate Abilities, Weirdness & Mutations

You have a pair of antennae on your head.
A meltable icy envelope protects you from harm. (AC +0)
You are partially covered in sharp spines.
You are mostly covered in razor-sharp scales. (AC +2, Slay +2)
A meltable shield of frost defends you. (SH +0)


Message History

You feel much better.
You block the quicksilver dragon's attack.
BOUMMMMG!
You block the quicksilver dragon's attack.
BOUMMMMG!
Your blizzard demon waves its arms in wide circles.
The air twists around and strikes the crystal guardian!!
The iron dragon bites your blizzard demon!!
The iron dragon claws your blizzard demon!!
Your blizzard demon dies!
Your blizzard demon disappears in a puff of smoke!
The crystal guardian fires a crystalline bolt at you.
The crystal bolt freezes the iron golem but does no damage.
The crystal bolt freezes you. You resist.
The iron golem hits you but does no damage. x2
The crystal guardian fires a crystalline bolt at you.
The crystal bolt freezes the iron golem.
The iron golem completely resists.
The crystal bolt freezes the iron golem.
The iron golem completely resists.
The crystal bolt freezes you! You resist.
The stone giant is engulfed in poison gas.
The stone giant looks as sick as possible!
A demon appears!
The quicksilver dragon bites you.
* * * LOW HITPOINT WARNING * * *
You block the quicksilver dragon's attack.
GONNNNG!
You block the iron golem's attack.
PTOANNNG!
You block the iron golem's attack.
GONNNNG!
The quicksilver dragon breathes dispelling energy at you.
The bolt of dispelling energy hits you but does no damage.
The earth elemental hits your cacodemon!
The iron dragon bites your cacodemon but does no damage.
The iron dragon barely misses your cacodemon.
The iron dragon completely misses your cacodemon.
The crystal guardian fires a crystalline bolt at you.
The crystal bolt burns the iron golem.
The iron golem completely resists.
The crystal bolt burns you!! The fire burns you terribly!
You die...

▓..)::=:[:..▓▓.|.).▓...|.
▓.§§§§§§§§§.▓▓.....▓.....
▓.§§§§§§☼§§.▓▓.††..▓.....
▓.§§§§§§§§§.▓▓.....▓..†..
▓....§§§C...▓▓.....▓.....
▓.....9E9...▓▓..©..▓..©..
▓....9999...▓▓▓▓▓▓▓▓▓▓▓▓▓
▓..▓.DE99▓E.▓..8©8...▓..8
▓.....2D@...▓..=..)..▓..)
▓.....©.....▓........▓..}
▓▓▓▓▓▓▓▓▓▓▓▓▓........▓...
▓≈...8©8....▓........▓..)
▓..[≈[||≈≈≈≈▓........▓.▓)
▓.≈.[|≈)}≈..▓...©....▓...
▓.≈..≈≈..≈≈.▓▓▓▓▓▓▓▓▓▓▓▓▓
▓≈....)≈≈...▓...8©8...▓..
▓≈.≈..)(.)..▓...})....▓..


You could see 6 iron golems, an iron dragon, a quicksilver dragon (very
poisoned), a stone giant (extremely poisoned), 2 crystal guardians, 3 earth
elementals and a friendly cacodemon (summoned).

Vanquished Creatures
  An orc warlord (D)
  A ghoul (D)
  3 merfolk impalers (D)
  A spriggan air mage (D)
  A catoblepas (D)
  5 merfolk aquamancers (D)
  2 dancing weapons (D)
  A vampire mage (D)
  2 skeletal warriors (D)
  An orc knight (D)
  A harpy (D)
  2 deep elf zephyrmancers (D)
  2 ugly things (D)
  An orc sorcerer (D)
  2 cyclopes (D)
  2 merfolk sirens (D)
  2 toenail golems (D)
  A naga mage (D)
  4 black mambas (D)
  A cane toad (D)
  A rime drake (D)
  2 komodo dragons (D)
  2 slime creatures (D)
  A blink frog (shapeshifter) (D)
  A hornet (D)
  A snapping turtle (D)
  A jumping spider (D)
  A shadow (D)
  4 spriggans (D)
  A wyvern (D)
  A yak (D)
  A water elemental (D)
  A hog (shapeshifter) (D)
  2 wargs (D)
  A naga (D)
  A hell hound (D)
  4 water moccasins (D)
  2 floating eyes (D)
  2 orc warriors (D)
  A black bear (D)
  An ogre (D)
  2 wolves (D)
  2 scorpions (D)
  2 wights (D)
  A crimson imp (D)
  An iron imp (D)
  An orc wizard (D)
  5 adders (D)
  2 adder skeletons (D)
  3 bat zombies (D)
  3 ball pythons (D)
  2 ball python skeletons (D)
  2 ball python zombies (D)
  2 giant cockroach zombies (D)
  2 jackal skeletons (D)
  A jackal zombie (D)
  A quokka zombie (D)
100 creatures vanquished.

Vanquished Creatures (collateral kills)
  An orc warrior (D)
1 creature vanquished.

Grand Total: 101 creatures vanquished

Notes
Turn   | Place    | Note
-------+----------+-------------------------------------------
     0 | D        | Revguard the Demonspawn Gladiator began the quest for the
                  | Orb.
     0 | D        | Reached XP level 1. HP: 16/16 MP: 1/1
     0 | D        | Found a shimmering blue altar of Sif Muna.
     0 | D        | Found a bloodstained altar of Trog.
     0 | D        | Found a sacrificial altar of Ru.
     0 | D        | Found a stormy altar of Qazlal.
     0 | D        | Found an iron altar of Okawaru.
     2 | D        | Found a sparkling altar of Nemelex Xobeh.
     2 | D        | Found the +6 Majin-Bo {vamp, MP+6 Int+6}
     2 | D        | Found the +9 heavy crossbow "Sniper" {vorpal, Acc+∞ SInv}
     2 | D        | Found the +10 dark maul {vorpal}
     2 | D        | Found the +15 Maxwell's patent armour {-Cast -Tele rElec
                  | Will+ rCorr}
     2 | D        | Found the +18 shield of the Gong {rElec rN+ Will+ EV-5}
     2 | D        | Found the +14 obsidian axe {vorpal, Mesm Drain Fly SInv}
     2 | D        | Found the +7 great mace "Firestarter" {inner flame, rF++}
     2 | D        | Found the +6 shillelagh "Devastator" {shatter}
     2 | D        | Found the +11 plutonium sword {Contam Stlth-}
     2 | D        | Found the +8 lance "Wyrmbane" {slay drac, rPois rF+ rC+
                  | AC+3}
     2 | D        | Found the +9 sword of Zonguldrok {reap}
     2 | D        | Found the +13 scythe of Curses {drain, Drain}
     2 | D        | Found the +5 sword of Power {vorpal}
     2 | D        | Found the +7 mace of Variability {chain chaos}
     2 | D        | Found the +7 Singing Sword {vorpal, sonic wave}
     2 | D        | Found the +8 storm bow {elec, penet}
     3 | D        | Found a blossoming altar of Fedhas.
     5 | D        | Found a transporter.
     5 | D        | Found an ancient bone altar of Kikubaaqudgha.
     5 | D        | Found a viscous altar of Jiyva.
     5 | D        | Found a corrupted altar of Lugonu.
     5 | D        | Found a hazy altar of Hepliaklqana.
     5 | D        | Found a burning altar of Makhleb.
     5 | D        | Found an opulent altar of Gozag.
    57 | D        | Became a worshipper of Makhleb the Destroyer
    65 | D        | Reached skill level 3 in Invocations
    65 | D        | Gained mutation: A meltable shield of frost defends you.
                  | (SH +0) [demonic ancestry]
    65 | D        | Reached XP level 2. HP: 24/24 MP: 1/4
   105 | D        | Entered arena 2.
   105 | D        | Noticed a toenail golem
   105 | D        | Noticed a toenail golem
   105 | D        | Found a transporter.
   108 | D        | Killed a toenail golem
   109 | D        | Reached skill level 5 in Fighting
   109 | D        | Reached skill level 5 in Long Blades
   109 | D        | Reached skill level 5 in Dodging
   109 | D        | Reached skill level 5 in Shields
   109 | D        | Reached skill level 6 in Invocations
   109 | D        | Gained mutation: A meltable icy envelope protects you from
                  | harm. (AC +0) [demonic ancestry]
   109 | D        | Reached XP level 3. HP: 33/33 MP: 4/7
   109 | D        | Gained mutation: You have a pair of small antennae on your
                  | head. [demonic ancestry]
   109 | D        | Reached XP level 4. HP: 39/39 MP: 5/9
   109 | D        | Gained mutation: You are partially covered in sharp spines.
                  | [demonic ancestry]
   109 | D        | Reached XP level 5. HP: 44/44 MP: 5/10
   109 | D        | Gained mutation: You are partially covered in razor-sharp
                  | scales. (AC +1, Slay +1) [demonic ancestry]
   109 | D        | Reached XP level 6. HP: 51/51 MP: 5/11
   111 | D        | Killed a toenail golem
   112 | D        | Reached skill level 5 in Armour
   112 | D        | Reached skill level 7 in Invocations
   112 | D        | Reached skill level 5 in Evocations
   112 | D        | Reached XP level 7. HP: 59/59 MP: 5/12
   162 | D        | Entered arena 3.
   162 | D        | Noticed a jumping spider
   162 | D        | Found a transporter.
   165 | D        | Reached * piety under Makhleb
   166 | D        | Reached skill level 8 in Invocations
   169 | D        | Killed a jumping spider
   176 | D        | Got the +0 hat of Irinaip {rF- Will+++ Dex+2}
   179 | D        | Entered arena 4.
   179 | D        | Noticed a green ugly thing
   179 | D        | Noticed a fire bat
   179 | D        | Noticed a purple ugly thing
   179 | D        | Noticed a hog
   179 | D        | Found a transporter.
   182 | D        | Noticed a blink frog
   182 | D        | a fire bat changed into a blink frog
   186 | D        | Killed a blink frog
   186 | D        | Reached ** piety under Makhleb
   186 | D        | Killed a hog
   187 | D        | Reached skill level 9 in Invocations
   187 | D        | Gained mutation: You are mostly covered in razor-sharp
                  | scales. (AC +2, Slay +2) [demonic ancestry]
   187 | D        | Reached XP level 8. HP: 67/67 MP: 14/14
   190 | D        | Killed a green ugly thing
   193 | D        | Killed a green ugly thing
   194 | D        | Reached skill level 10 in Invocations
   194 | D        | Reached XP level 9. HP: 66/74 MP: 14/16
   200 | D        | Entered arena 5.
   200 | D        | Found a transporter.
   202 | D        | Reached *** piety under Makhleb
   209 | D        | Got the ring "Nooreh" {rC+ rCorr MP+9}
   228 | D        | Entered arena 6.
   228 | D        | Noticed a +3 hand axe of freezing
   228 | D        | Noticed a deep elf zephyrmancer
   228 | D        | Noticed a deep elf zephyrmancer
   228 | D        | Noticed a +2 vorpal scimitar
   228 | D        | Found a transporter.
   232 | D        | Reached **** piety under Makhleb
   234 | D        | Killed a +3 hand axe of freezing
   234 | D        | Killed a +2 vorpal scimitar
   235 | D        | Reached skill level 11 in Invocations
   235 | D        | Reached XP level 10. HP: 66/83 MP: 18/18
   236 | D        | Killed a deep elf zephyrmancer
   237 | D        | Killed a deep elf zephyrmancer
   237 | D        | Reached ***** piety under Makhleb
   238 | D        | Reached skill level 12 in Invocations
   244 | D        | Got the Papyrus of Curses
   253 | D        | Entered arena 7.
   253 | D        | Noticed a spriggan rider
   254 | D        | Found a transporter.
   269 | D        | Got Deethrus's Tome of Toxins and Heat
   354 | D        | Entered arena 8.
   355 | D        | Found a transporter.
   358 | D        | Reached ****** piety under Makhleb
   369 | D        | Entered arena 9.
   370 | D        | Found a transporter.
   375 | D        | Reached skill level 10 in Fighting
   388 | D        | Got the Incunabulum of Unstable Orientation
   399 | D        | Entered arena 10.
   399 | D        | Noticed a black mamba
   399 | D        | Noticed a naga mage
   400 | D        | Found a transporter.
   408 | D        | Killed a black mamba
   408 | D        | Killed a naga mage
   428 | D        | Got the +2 cloak of the Tarantula {-Tele rC+ Str+3 Int+7}
   437 | D        | Entered arena 11.
   437 | D        | Noticed a black mamba
   437 | D        | Noticed a black mamba
   437 | D        | Noticed a black mamba
   438 | D        | Found a transporter.
   444 | D        | Reached skill level 10 in Evocations
   445 | D        | Killed a black mamba
   446 | D        | Reached skill level 13 in Invocations
   446 | D        | Killed a black mamba
   446 | D        | Killed a black mamba
   447 | D        | Reached skill level 10 in Long Blades
   447 | D        | Gained mutation: You have a pair of antennae on your head.
                  | [demonic ancestry]
   447 | D        | Reached XP level 11. HP: 87/92 MP: 20/20
   461 | D        | Entered arena 12.
   461 | D        | Noticed a catoblepas
   462 | D        | Noticed a spriggan air mage
   463 | D        | Found a transporter.
   467 | D        | Reached skill level 10 in Dodging
   467 | D        | Reached skill level 10 in Shields
   467 | D        | Killed a spriggan air mage
   468 | D        | Killed a catoblepas
   469 | D        | Reached skill level 10 in Armour
   482 | D        | Got Lootaif's Volume of Hurtful Intoxication
   489 | D        | Entered arena 13.
   489 | D        | Noticed an orc warlord
   490 | D        | Noticed an orc knight
   490 | D        | Identified the +6 great sword "Kajuutz" {spect, SInv}
   490 | D        | Noticed an orc sorcerer
   491 | D        | Noticed a sun demon
   491 | D        | Found a transporter.
   493 | D        | Killed an orc sorcerer
   494 | D        | Reached skill level 14 in Invocations
   499 | D        | Killed an orc knight
   499 | D        | Killed an orc warlord
   515 | D        | Got the ring of Fiep {rN+ Will+ Str+2}
   535 | D        | Entered arena 14.
   536 | D        | Noticed a ghoul
   536 | D        | Found the +8 Vampire's Tooth {vamp}
   536 | D        | Found the +5 robe of Night {Dark Will+ SInv}
   537 | D        | Noticed a vampire mage
   537 | D        | Noticed a skeletal warrior
   537 | D        | Noticed a skeletal warrior
   537 | D        | Found the +8 demon blade "Leech" {vamp, Harm Drain rN+}
   539 | D        | Found a transporter.
   542 | D        | Killed a skeletal warrior
   544 | D        | Noticed a phantasmal warrior
   546 | D        | Killed a vampire mage
   546 | D        | Killed a skeletal warrior
   553 | D        | Killed a ghoul
   554 | D        | Reached skill level 15 in Invocations
   554 | D        | Reached XP level 12. HP: 102/102 MP: 23/23
   564 | D        | Got the Incunabulum of Creative Dislocation
   590 | D        | Entered arena 15.
   591 | D        | Noticed a merfolk impaler
   591 | D        | Noticed a merfolk aquamancer
   591 | D        | Noticed a merfolk impaler
   591 | D        | Noticed a merfolk aquamancer
   591 | D        | Noticed a merfolk aquamancer
   593 | D        | Noticed a merfolk aquamancer
   593 | D        | Identified the ring of Yhunudwuh {rC+ Int-2 Dex+10 Slay-2
                  | SInv}
   593 | D        | Noticed a merfolk impaler
   593 | D        | Noticed a merfolk aquamancer
   596 | D        | Found a transporter.
   601 | D        | Killed a merfolk aquamancer
   601 | D        | Killed a merfolk aquamancer
   601 | D        | Killed a merfolk aquamancer
   601 | D        | Killed a merfolk aquamancer
   601 | D        | Killed a merfolk impaler
   601 | D        | Killed a merfolk impaler
   602 | D        | Killed a merfolk aquamancer
   613 | D        | Killed a merfolk impaler
   614 | D        | Reached skill level 16 in Invocations
   645 | D        | Got the +1 pair of gloves "Nahezyec" {Str+4}
   665 | D        | Got the +0 pair of gloves of Thoughtfulness {Rampage +Inv
                  | SInv}
   682 | D        | Entered arena 16.
   683 | D        | Noticed an iron golem
   683 | D        | Noticed a crystal guardian
   683 | D        | Noticed an iron golem
   683 | D        | Noticed an iron golem
   684 | D        | Noticed an iron golem
   684 | D        | Noticed an iron dragon
   684 | D        | Noticed an iron golem
   684 | D        | Noticed a stone giant
   684 | D        | Noticed an iron golem
   684 | D        | Noticed a crystal guardian
   684 | D        | Noticed a quicksilver dragon
   684 | D        | Found a transporter.
   696 | D        | Killed from afar by a crystal guardian

Illustrated notes

Levels and vault maps discovered:
D:        sprint_v [room_start, room_1, room_2, room_3, room_4, room_5, room_6,
          room_7, room_8, room_9, room_10, room_11, room_12, room_13, room_14,
          room_15, room_16, room_17, room_18, room_19, room_20, room_21,
          room_22, room_23, room_24, room_25, room_26, room_27]

Skill      XL: |  1  2  3  4  5  6  7  8  9 10 11 12 |
---------------+-------------------------------------+-----
Fighting       | 3 5 6 7 8 9 10 11 12 | 12.7
Long Blades    | 3 5 6 7 8 10 12 13 | 13.8
Armour         | 2 4 5 6 7 8 9 10 11 | 11.6
Dodging        | 3 5 6 7 8 9 11 | 11.9
Shields        | 3 5 6 7 8 9 11 | 11.9
Invocations    | 3 6 7 9 10 11 13 15 16 | 16.0
Evocations     | 2 4 5 6 7 8 10 11 12 | 12.5
Throwing       | |  1.7

Action                   |  1- 3 |  4- 6 |  7- 9 | 10-12 || total
-------------------------+-------+-------+-------+-------++-------
Melee: Double sword      |     2 |     3 |    27 |    68 ||   100
       Demon blade       |       |       |       |    20 ||    20
Invok: Greater Servant o |       |       |       |     3 ||     3
Evoke: Tin of tremorston |       |       |       |     5 ||     5
       Box of beasts     |       |       |       |     2 ||     2
       Condenser vane    |       |       |       |     1 ||     1
  Use: Potion            |     1 |       |       |     5 ||     6
Armor: Plate armour      |     1 |       |    16 |    82 ||    99
Dodge: Dodged            |     1 |       |     1 |    16 ||    18
Block: Kite shield       |     5 |     3 |    62 |   227 ||   297
       Reflection        |       |       |       |     5 ||     5
